 Dungeon Crawl Stone Soup version 0.20.1-1-g8b1a95d (console) character file.

40 hilaritas the Grasshopper (level 3, 0/29 HPs)
             Began as a Barachi Warper on Sept 24, 2017.
             Slain by a jackal (1 damage)
             ... on level 1 of the Dungeon.
             The game lasted 00:04:12 (1325 turns).

hilaritas the Grasshopper (Barachi Warper)          Turns: 1325, Time: 00:04:13

Health: 0/29       AC:  7    Str: 13    XL:     3   Next: 50%
Magic:  6/6        EV: 11    Int: 13    God:
Gold:   68         SH:  0    Dex: 11    Spells: 4/6 levels left

rFire    . . .     SeeInvis .   e - -1 club (curse)
rCold    . . .     Gourm    .   (no shield)
rNeg     . . .     Faith    .   q - +0 ring mail
rPois    .         Spirit   .   (no helmet)
rElec    .         Reflect  .   l - +0 cloak
rCorr    .         Harm     .   (no gloves)
MR       .....                  j - +0 pair of boots
Stlth    +.........             (no amulet)
Regen    0.1/turn               (no ring)
MPRegen  0.1/turn               (no ring)

@: slow
A: +LOS, swims, slowness 1, strong legs 1
a: Hop


You were on level 1 of the Dungeon.
You were not hungry.

You visited 1 branch of the dungeon, and saw 1 of its levels.

You collected 68 gold pieces.

Inventory:

Hand Weapons
 e - a cursed -1 club (weapon)
Missiles
 d - 5 tomahawks of dispersal
 m - 6 poisoned tomahawks (quivered)
Armour
 a - a +0 leather armour
 j - a +0 pair of boots (worn)
 l - a +0 cloak (worn)
 q - a +0 ring mail (worn)
Jewellery
 p - a +2 ring of evasion {unknown}
Scrolls
 c - a scroll of blinking
 k - a scroll of remove curse {unknown}
 o - a scroll of fog {unknown}
 s - a scroll of amnesia {unknown}
Potions
 i - a potion of might
 r - a potion of brilliance {unknown}
Books
 b - a book of Spatial Translocations

   Spells                             Type                      Level
   a - Blink                          Translocation                2
   b - Shroud of Golubria             Charms/Translocation         2
   c - Lesser Beckoning               Translocation                3
   d - Gell's Gravitas                Translocation                3
   e - Teleport Other                 Translocation                3
   f - Passage of Golubria            Translocation                4
Comestibles
 f - a bread ration
 g - a meat ration
 h - 3 royal jellies
 n - 2 fruits
 t - a chunk of flesh


   Skills:
 * Level 3.2 Fighting
 - Level 1.1 Throwing
 * Level 2.5 Armour
 * Level 2.7 Dodging
 - Level 0.2 Stealth
 - Level 2.2 Unarmed Combat
 - Level 2.2 Spellcasting
 - Level 3.2 Translocations


You had 4 spell levels left.
You knew the following spells:

 Your Spells              Type           Power        Failure   Level  Hunger
a - Blink                 Tloc           N/A          21%         2    ###....


Dungeon Overview and Level Annotations

Branches:
Dungeon (1/15)

Altars:


Innate Abilities, Weirdness & Mutations

Shadows flee at your approach. (+LOS)
You can swim through water.
You cover ground slowly.
You can hop short distances.


Message History

* * * LOW HITPOINT WARNING * * *
The jackal bites you but does no damage.
You hit the jackal.
The jackal is severely wounded.
The jackal barely misses you. The jackal misses you.
You hit the jackal but do no damage.
The jackal is severely wounded.
The jackal bites you but does no damage.
You barely miss the jackal.
The jackal is severely wounded.
The jackal closely misses you.
The jackal bites you but does no damage.
You barely miss the jackal.
The jackal is severely wounded.
The jackal closely misses you.
The jackal bites you but does no damage.
You hit the jackal.
The jackal is almost dead.
The jackal barely misses you. The jackal bites you.
You die...

##..#####..#
##....#.##.....).
##...# ##.#
####.#.########.
###.####.## #...###
## #.......#
#.....### # ######..#
#.......##### #..#
#..##.#.....# ##.#
##.....####.. #.###
#.###...##.. #...#
##.# ##....).
#.#.#####).# ###.##..
#..†@h.....# #>..##..
##.........###.######
#.........##..#
#.........##.##
#....>....#(.#
#........(#.##
#########.........#.#
#
#...................#
#
#..................##
##
#........#####..####
##.
##........#####..#
#..


You could see a jackal.

Vanquished Creatures
  2 oozes (D:1)
  A dart slug (D:1)
  5 bats (D:1)
  A giant cockroach (D:1)
  2 goblins (D:1)
  6 hobgoblins (D:1)
  A jackal (D:1)
  A ball python (D:1)
  A frilled lizard (D:1)
  4 kobolds (D:1)
  5 rats (D:1)
29 creatures vanquished.

Notes
Turn   | Place    | Note
-------+----------+-------------------------------------------
     0 | D:1      | hilaritas the Barachi Warper began the quest for the Orb.
     0 | D:1      | Reached XP level 1. HP: 17/17 MP: 3/3
   325 | D:1      | Reached XP level 2. HP: 12/23 MP: 5/5
   558 | D:1      | Learned a level 2 spell: Blink
   666 | D:1      | Reached XP level 3. HP: 5/29 MP: 6/6
  1316 | D:1      | HP: 1/29 [jackal (2)]
  1325 | D:1      | Slain by a jackal

Skill      XL: |  1  2  3 |
---------------+----------+-----
Fighting       | 3 |  3.2
Armour         | 2 |  2.5
Throwing       | |  1.1
Dodging        | |  2.7
Stealth        | |  0.2
Unarmed Combat | |  2.2
Spellcasting   | |  2.2
Translocations | |  3.2

Action                   || total
-------------------------++-------
Melee: Club              ||   182
       Unarmed           ||     7
       Punch             ||     2
Throw: Tomahawk          ||     1
  Use: Potion            ||     1
  Eat: Chunk             ||     2
Armor: Leather armour    ||    16
       Ring mail         ||   135
Dodge: Dodged            ||   227
